 Dungeon Crawl Stone Soup version 0.29-a0-582-ge82337ba6a (webtiles) character file.

Game seed: 5420252375942903618

518 bande the Covered (level 7, 0/44 HPs)
             Began as a Gargoyle Fighter on June 14, 2022.
             Slain by an orc wizard
             ... wielding a +0 dagger
              (2 damage)
             ... on level 4 of the Dungeon.
             The game lasted 00:05:10 (3666 turns).

bande the Covered (Gargoyle Fighter)                Turns: 3666, Time: 00:05:11

Health: 0/44       AC: 14    Str: 19    XL:     7   Next: 21%
Magic:  7/7        EV:  9    Int:  9    God:
Gold:   181        SH:  0    Dex: 11    Spells: 6/6 levels left

rFire   . . .      SeeInvis .   a - +0 war axe
rCold   . . .      Faith    .   c - +0 buckler
rNeg    + . .      Spirit   .   b - +0 scale mail
rPois   ∞          Reflect  .   o - +1 helmet
rElec   +          Harm     .   (no cloak)
rCorr   .          Rampage  .   (no gloves)
Will    .....                   (no boots)
Stlth   ..........              (no amulet)
HPRegen 0.14/turn               (no ring)
MPRegen 0.10/turn               (no ring)

@: confused
A: sickness immunity, AC +4, negative energy resistance 1, electricity
resistance, torment resistance 1, petrification resistance
a: no special abilities


You were on level 4 of the Dungeon.
You visited 1 branch of the dungeon, and saw 4 of its levels.

You collected 181 gold pieces.

Inventory:

Hand Weapons
 a - a +0 war axe (weapon)
Armour
 b - a +0 scale mail (worn)
 c - a +0 buckler (worn)
 o - a +1 helmet (worn)
Jewellery
 g - a +6 ring of strength
Scrolls
 f - a scroll of fog
 h - a scroll of teleportation
 m - a scroll of magic mapping
Potions
 d - 3 potions of might
 e - a potion of resistance
 i - a potion of attraction {unknown}
 j - 3 potions of flight
 l - 2 potions of curing {unknown}


   Skills:
 + Level 4.6 Fighting
 + Level 4.8 Axes
 + Level 5.2 Armour
 + Level 0.4 Stealth
 + Level 4.2 Shields


You had 6 spell levels left.
You didn't know any spells.
Your spell library contained the following spells:

 Spells                   Type           Power      Damage    Failure   Level
 Apportation              Tloc           0%         N/A       83%         1
 Foxfire                  Conj/Fire      0%         2x1d4     83%         1
 Magic Dart               Conj           0%         1d3       83%         1
 Searing Ray              Conj           0%         2d4       92%         2
 Conjure Flame            Conj/Fire      0%         6-21      99%         3
 Inner Flame              Hex/Fire       0%         N/A       99%         3
 Tukima's Dance           Hex            0%         N/A       99%         3
 Flame Wave               Conj/Fire      0%         2d4       100%        4
 Fulminant Prism          Conj/Hex       0%         3d6       100%        4
 Passage of Golubria      Tloc           0%         N/A       100%        4
 Alistair's Intoxication  Tmut/Pois      0%         N/A       100%        5
 Yara's Violent Unravell  Hex/Tmut       0%         3d3       100%        5


Dungeon Overview and Level Annotations

Branches:
Dungeon (4/15)
 Temple: D:4-7

Altars:


Innate Abilities, Weirdness & Mutations

You are immune to sickness and miasma.
Your stone body is resilient. (AC +4)
You are immune to poison.
You resist negative energy. (rN+)
You are resistant to electric shocks. (rElec)
You are resistant to unholy torment.
You are immune to petrification.


Message History

You're too confused to move! 2 orcs come into view.
The orc shouts!
The orc wizard hits you but does no damage.
You closely miss the orc wizard. The orc wizard closely misses you.
You hit the orc wizard.
The orc wizard is moderately wounded.
The orc wizard mumbles some strange words.
The orc wizard flickers and vanishes!
Deactivating autopickup; reactivate with Ctrl-A.
You closely miss something.
You feel less confused. Something hits you but does no damage.
An orc comes into view. It is wielding a +0 dagger.
Something hits you but does no damage.
You barely miss something. Something hits you but does no damage.
The orc hits you but does no damage.
You closely miss something. You hit the orc but do no damage.
Something hits you but does no damage.
A shadow imp comes into view.
The orc hits you but does no damage.
You barely miss something.
The shadow imp shouts, "Tremble, thou hateful tardy-gaited prigger-of-prances!"
You hit the orc.
Something hits you but does no damage. x2
You closely miss something. You closely miss the orc. You slash the orc!
You kill the orc!
An orc comes into view. It is wielding a +0 club.
The orc hits you with a +0 flail.
* * * LOW HITPOINT WARNING * * *
You hear some strange, mumbled words.
You are confused.
You completely miss something. You miss the orc.
The orc hits you with a +0 flail!
* * * LOW HITPOINT WARNING * * *
Something hits you but does no damage.
You barely miss the orc. You completely miss something.
Something hits you but does no damage. The orc hits you with a +0 flail.
* * * LOW HITPOINT WARNING * * *
The orc hits you but does no damage. Something hits you.
You die...

.......##..).......#
..............#.###
....###......####
#..#......##
#..........## .
###...#.....# ...
#....#.....#
.....####.†..#....##
.....5{@...###..###
.....ooo.....####
.....##.......# #...
#.......## ###
##...#.## ##.####
... ... #..


You could see a shadow imp and 3 orcs.

Vanquished Creatures
  Grinder (D:3)
  A scorpion (D:4)
  A howler monkey (D:4)
  Natasha (D:4)
  An iguana (D:4)
  Robin (D:2)
  5 adders
  2 worms (D:3)
  5 dart slugs
  5 orcs
  3 bats
  5 endoplasms
  4 giant cockroaches
  17 goblins
  7 hobgoblins
  4 jackals (D:2)
  4 kobolds
  2 quokkas (D:3)
  3 ball pythons
  5 frilled lizards
  9 rats
86 creatures vanquished.

Notes
Turn   | Place    | Note
-------+----------+-------------------------------------------
     0 | D:1      | bande the Gargoyle Fighter began the quest for the Orb.
     0 | D:1      | Reached XP level 1. HP: 14/14 MP: 1/1
   431 | D:1      | Reached XP level 2. HP: 19/19 MP: 2/2
   663 | D:1      | Found a faded altar of an unknown god.
   838 | D:2      | Reached XP level 3. HP: 23/23 MP: 3/3
   977 | D:2      | Reached XP level 4. HP: 22/29 MP: 4/4
  1609 | D:3      | Noticed Robin
  1620 | D:2      | Reached skill level 4 in Armour
  2367 | D:3      | Noticed Grinder
  2370 | D:3      | Paralysed by Grinder for 2 turns
  2375 | D:2      | Killed Robin
  2376 | D:2      | Reached XP level 5. HP: 17/33 MP: 5/5
  2647 | D:3      | Paralysed by Grinder for 3 turns
  2664 | D:3      | Killed Grinder
  2665 | D:3      | Reached skill level 5 in Armour
  2665 | D:3      | Reached XP level 6. HP: 11/38 MP: 6/6
  3610 | D:4      | Noticed Natasha
  3619 | D:4      | Killed Natasha
  3622 | D:4      | Reached XP level 7. HP: 33/44 MP: 7/7
  3666 | D:4      | HP: 2/44 [orc/+0 flail (2)]
  3666 | D:4      | Slain by an orc wizard

Illustrated notes

Levels and vault maps discovered:
D:1:      lightli_arrival_quake, layout_rooms,
          hellmonk_ecumenical_altar_leap_of_faith, minmay_pentomino_t4
D:2:      layout_loops_cross
D:3:      layout_loops_ring, uniq_robin, uniq_grinder
D:4:      layout_cave_pools, serial_park, serial_park_fountain,
          serial_park_square1 [serial_park_minivault_5x5_6], serial_shops,
          nicolae_shop_stone, uniq_menkaure, uniq_natasha

Skill      XL: |  1  2  3  4  5 |
---------------+----------------+-----
Axes           | 2 3 4 |  4.8
Armour         | 4 5 |  5.2
Fighting       | 4 |  4.6
Shields        | 4 |  4.2
Stealth        | |  0.4

Action                   |  1- 3 |  4- 6 |  7- 9 || total
-------------------------+-------+-------+-------++-------
Melee: War axe           |    88 |   141 |    20 ||   249
  Use: Scroll            |       |    10 |       ||    10
Armor: Scale mail        |    45 |    96 |    20 ||   161
Dodge: Dodged            |    49 |    77 |    10 ||   136
Block: Buckler           |    20 |    34 |     5 ||    59

Table legend: (Time is in decaauts)
 A = Elapsed time spent in this place.
 B = Non-inter-level travel time spent in this place.
 C = Inter-level travel time spent in this place.
 D = Time resting spent in this place.
 E = Time spent auto-exploring this place.
 F = Levels seen in this place.
 G = Mean time per level.
                   A        B        C        D        E       F      G
               +--------+--------+--------+--------+--------+-----+--------+
         Total |   3767 |   3705 |     62 |   1279 |   1765 |   4 |  941.8 |
       Dungeon |   3767 |   3705 |     62 |   1279 |   1765 |   4 |  941.8 |
               +--------+--------+--------+--------+--------+-----+--------+

Top non-repeatable levels by time:
     D:2: 1874 daAuts
     D:3: 944 daAuts
     D:1: 820 daAuts
     D:4: 129 daAuts
